 Dungeon Crawl Stone Soup version 0.20-a0-809-gaf7f668 (webtiles) character file.

68 Musica the Ruffian (level 4, -4/44 HPs)
             Began as a Troll Monk on Mar 3, 2017.
             Slain by an ice beast (7 damage)
             ... on level 3 of the Dungeon.
             The game lasted 00:05:23 (1440 turns).

Musica the Ruffian (Troll Monk)                     Turns: 1440, Time: 00:05:23

Health: -4/44      AC:  5    Str: 19    XL:     4   Next: 1%
Magic:  3/3        EV: 10    Int:  6    God:
Gold:   95         SH:  0    Dex: 13    Spells: 3/3 levels left

rFire    . . .     SeeInvis .     - Unarmed
rCold    . . .     Gourm    +   a - +0 robe
rNeg     . . .     Faith    .   (no shield)
rPois    .         Spirit   .   (helmet restricted)
rElec    .         Reflect  .   (no cloak)
rCorr    .         Harm     .   (gloves unavailable)
MR       .....     Rnd*Tele +   (boots unavailable)
Stlth    ++........             (no amulet)
Regen    0.6/turn               (no ring)
MPRegen  0.1/turn               d - ring of teleportation (curse)

@: no status effects
A: unfitting armour, claws 3, fast metabolism 3, gourmand, regeneration 1,
shaggy fur 1, tough skin 2
a: no special abilities


You were on level 3 of the Dungeon.
You were very full.

You visited 1 branch of the dungeon, and saw 4 of its levels.

You collected 95 gold pieces.

Inventory:

Hand Weapons
 e - a +0 hunting sling of flaming
Missiles
 c - 31 sling bullets
Armour
 a - a +0 robe (worn)
Jewellery
 d - a cursed ring of teleportation (left claw)
Scrolls
 g - 2 scrolls of identify
 h - 2 scrolls of remove curse {unknown}
 i - a scroll of fear {unknown}
 j - a scroll of teleportation {unknown}
 l - a scroll of enchant weapon {unknown}
Potions
 m - a potion of curing
Comestibles
 b - 3 bread rations
 f - 2 royal jellies
 k - a meat ration


   Skills:
 + Level 2.9 Fighting
 + Level 0.5 Slings
 - Level 2.4 Dodging
 - Level 1.0 Stealth
 + Level 4.2 Unarmed Combat


You had 3 spell levels left.
You didn't know any spells.

Dungeon Overview and Level Annotations

Branches:
Dungeon (4/15)
 Temple: D:4-7

Altars:
Xom


Innate Abilities, Weirdness & Mutations

You are too large for most types of armour.
You have claws for hands.
Your metabolism is lightning-fast.
You like to eat raw meat.
Your natural rate of healing is unusually fast.
You are covered in fur. (AC +1)
You have very tough skin. (AC +2)


Message History

The ice beast hits you but does no damage.
The jackal moves out of view.
You scratch the ice beast but do no damage.
You claw the ice beast.
The ice beast is severely wounded.
The ice beast misses you.
You closely miss the ice beast.
The ice beast is severely wounded.
The ice beast barely misses you.
You scratch the ice beast.
The ice beast is severely wounded.
The ice beast hits you.
* * * LOW HITPOINT WARNING * * *
The ice beast freezes you!
* * * LOW HITPOINT WARNING * * *
Unknown command.
It was a potion of curing.
You feel better. The ice beast hits you.
* * * LOW HITPOINT WARNING * * *
The ice beast freezes you!
You die...

##########.#
#####.##.#
........#.#
#.).((...# ###'#.#
#.###.#..# #<....#
#(#.#.#..# #.[.(.#
#.#.#.#..# #.....#
#.#...#..# #.....#
#.#.#.#..# #.....#
#.#.###..# #.....#
#.#@.....#
......#...Y......#
...#.###.....(#####
+......+ #......#
#......# #......#
#......#


You could see an ice beast.

Vanquished Creatures
  2 adders (D:2)
  2 worms (D:2)
  5 giant cockroaches
  5 goblins
  3 hobgoblins
  4 jackals (D:2)
  2 quokkas (D:2)
  6 bats
  5 frilled lizards
  4 kobolds
  6 rats
44 creatures vanquished.

Notes
Turn   | Place    | Note
-------+----------+-------------------------------------------
     0 | D:1      | Musica the Troll Monk began the quest for the Orb.
     0 | D:1      | Reached XP level 1. HP: 22/22 MP: 0/0
   178 | D:1      | Reached XP level 2. HP: 28/29 MP: 1/1
   660 | D:2      | Reached XP level 3. HP: 36/36 MP: 2/2
   721 | D:2      | Reached skill level 4 in Unarmed Combat
   764 | D:2      | Found a shimmering altar of Xom.
  1181 | D:2      | Reached XP level 4. HP: 44/44 MP: 3/3
  1421 | D:3      | Noticed an ice beast
  1439 | D:3      | HP: 1/44 [ice beast (8)]
  1440 | D:3      | Slain by an ice beast

Vault maps used:
D:1:      tarquinn_simple_flora_water_e
D:2:      first_bread, xom_teletrap_fun
D:4:      nicolae_gozag_seed_capital, uniq_crazy_yiuf_cottage, uniq_edmund,
          uniq_natasha

Skill      XL: |  1  2  3 |
---------------+----------+-----
Unarmed Combat | 4 |  4.2
Fighting       | |  2.9
Slings         | |  0.5
Dodging        | |  2.4
Stealth        | |  1.0

Action                   |  1- 3 |  4- 6 || total
-------------------------+-------+-------++-------
Melee: Unarmed           |    88 |    18 ||   106
       Punch             |       |     1 ||     1
 Fire: Hunting sling     |    26 |       ||    26
  Use: Scroll            |     2 |       ||     2
       Potion            |       |     1 ||     1
 Stab: Sleeping          |     3 |       ||     3
  Eat: Chunk             |    16 |     2 ||    18
Armor: Robe              |    30 |     4 ||    34
Dodge: Dodged            |    57 |     7 ||    64
